 Dungeon Crawl Stone Soup version 0.19-a0-1067-g0b1d89b (webtiles) character file.

108931 Akrasiac the Bringer of Law (level 17, -1/128 (129) HPs)
             Began as a Human Wanderer on Aug 3, 2016.
             Was the Champion of Zin.
             Killed from afar by a shock serpent (9 damage)
             ... with a bolt of electricity
             ... on level 1 of the Snake Pit on Aug 4, 2016.
             The game lasted 01:12:11 (32869 turns).

Akrasiac the Bringer of Law (Human Wanderer)       Turns: 32869, Time: 01:12:11

HP:   -1/128 (129)  AC: 23    Str: 29    XL:     17   Next: 5%
MP:   0/29          EV:  7    Int: 12    God:    Zin [******]
Gold: 305           SH: 12    Dex: 10    Spells: 6 memorised, 3 levels left

rFire  + . .     SeeInvis +     a - +9 scimitar "Piuts" {slice, Fragile rPois rN+ Str+6}
rCold  + . .     Gourm    .     I - +1 plate armour of Eternal Vigilance {rF+ rC+}
rNeg   + + +     Faith    .     M - +0 shield
rPois  +         Spirit   +     K - +2 hat of the Bear Spirit {Spirit, +Rage rN+ MR++}
rElec  .         Dismiss  .     F - +0 cloak {+Inv}
rCorr  .         Reflect  .     s - +3 pair of gauntlets of War {Slay+5}
SustAt .         Harm     .     (no boots)
MR     +++..                    x - amulet of rage
Stlth  ..........               k - ring of positive energy
                                w - ring of see invisible

@: lethally poisoned (-1 -> -2), short of breath
A: no striking features
a: Recite, Vitalisation, Imprison, Sanctuary, Donate Gold, Cure All Mutations,
Renounce Religion, Evoke Berserk Rage, Evoke Invisibility


You were on level 1 of the Snake Pit.
You worshipped Zin.
Zin was exalted by your worship.
You were not hungry.

You visited 4 branches of the dungeon, and saw 23 of its levels.
You also visited: Labyrinth, Sewer and Bailey.

You collected 2272 gold pieces.
You spent 1748 gold pieces at shops.
You donated 219 gold pieces to Zin.

Inventory:

Hand Weapons
 a - the +9 scimitar "Piuts" (weapon) {slice, Fragile rPois rN+ Str+6}
   (You found it on level 7 of the Dungeon)

   It inflicts extra damage upon your enemies.
   It affects your strength (+6).
   It protects you from poison.
   It protects you from negative energy.
   It will be destroyed if unequipped.
Missiles
 U - a throwing net (quivered)
Armour
 s - the +3 pair of gauntlets of War (worn) {Slay+5}
   (You acquired it on level 6 of the Lair of Beasts)

   It affects your accuracy and damage with ranged weapons and melee attacks
   (+5).
 A - a +0 large shield
 F - a +0 cloak of invisibility (worn)
 I - the +1 plate armour of Eternal Vigilance (worn) {rF+ rC+}
   (You found it in a labyrinth)

   It protects you from fire.
   It protects you from cold.
 K - the +2 hat of the Bear Spirit (worn) {Spirit, +Rage rN+ MR++}
   (You acquired it on level 14 of the Dungeon)

   It protects you from negative energy.
   It affects your resistance to hostile enchantments.
   It lets you go berserk.
 M - a +0 shield (worn)
Jewellery
 c - an uncursed ring of flight
 k - a ring of positive energy (right hand)
 r - an uncursed ring of ice {unknown}
 w - a ring of see invisible (left hand)
 x - an amulet of rage (around neck)
 S - an uncursed ring of wizardry
 V - an uncursed ring of sustain attributes
Wands
 g - a wand of lightning (9/15)
 h - a wand of iceblast (7/15)
 p - a wand of teleportation (2/9)
 v - a wand of digging (0/24)
 z - a wand of paralysis (10/24)
 O - a wand of lightning (5/15)
 R - a wand of paralysis (19/24)
 T - a wand of paralysis (14/24)
 X - a wand of paralysis (8/24)
Scrolls
 b - 4 scrolls of fear
 e - 2 scrolls of vulnerability
 i - 6 scrolls of enchant armour
 o - 6 scrolls of teleportation
 q - 2 scrolls of immolation
 t - a scroll of noise
 u - 5 scrolls of fog
 y - 5 scrolls of blinking
 D - 9 scrolls of remove curse
 G - 4 scrolls of recharging
 L - 2 scrolls of magic mapping
 Z - a scroll of silence
Potions
 l - 12 potions of curing
 B - 5 potions of might
 C - a potion of ambrosia
 E - 3 potions of cancellation
 H - 6 potions of heal wounds
 J - 4 potions of agility
 N - a potion of resistance
 Q - 2 potions of magic
 Y - 5 potions of haste
Miscellaneous
 j - a lamp of fire (inert)
 P - a phantom mirror
 W - a fan of gales
Comestibles
 d - 3 royal jellies
 f - 13 bread rations
 m - 13 beef jerkies
 n - 11 meat rations


   Skills:
 - Level 10.4 Fighting
 - Level 14.0 Long Blades
   Level 3.0 Staves
 - Level 1.0 Throwing
 - Level 10.1 Armour
 - Level 2.0 Dodging
 - Level 1.0 Stealth
 - Level 9.0 Shields
 * Level 16.8 Invocations
 - Level 11.3 Evocations


You had 3 spell levels left.
You knew the following spells:

 Your Spells              Type           Power        Failure   Level  Hunger
a - Ignite Poison         Fire/Tmut/Pois #.......     100%        3    ####...
b - Infusion              Chrm           #...         100%        1    ##.....
c - Shroud of Golubria    Chrm/Tloc      #.........   100%        2    ###....
d - Song of Slaying       Chrm           #.......     100%        2    ###....
e - Spectral Weapon       Hex/Chrm       #.......     100%        3    ####...
f - Repel Missiles        Chrm/Air       #.....       100%        2    ###....


Dungeon Overview and Level Annotations

Branches:
Dungeon (14/15)            Temple (0/1) D:6            Lair (6/6) D:11
 Shoals (0/4) Lair:4        Snake (1/4) Lair:2        Slime (0/5) Lair:5
    Orc (2/2) D:12            Elf (0/3) Orc:2        Vaults (0/5) D:14

Altars:
Cheibriados
Dithmenos
Elyvilon
Kikubaaqudgha
Makhleb
Sif Muna
Vehumet
The Shining One
Beogh

Shops:
D:5 ?   D:6 *   D:7 =   Orc:1 !   Orc:2 [}![

Annotations:
D:3 1 exclusion
D:5 exclusion: 2 downstairs
D:6 edsrzf's ghost, novice MiMo
D:9 exclusion: downstairs
Lair:1 exclusion: downstairs
Lair:2 exclusion: 2 downstairs


Message History

You slash the salamander!
You kill the salamander! "...the law of the land, and Zin's word is law!"
You finish reciting Anathema 12:31.
The shock serpent bites you! The shock serpent shocks you!
You miss the shock serpent. The shock serpent bites you!
The shock serpent shocks you!
* * * LOW HITPOINT WARNING * * *
You hit the shock serpent.
The shock serpent is lightly wounded.
You feel sick.
The shock serpent shoots out a bolt of lightning at you!
The bolt of electricity hits you!
* * * LOW HITPOINT WARNING * * *
You block the shock serpent's attack.
The shock serpent shoots out a bolt of lightning at you!
The bolt of electricity hits you!
* * * LOW HITPOINT WARNING * * *
The bolt of electricity hits you!
You die...

.........##..^........###........
.?.......###.........## #........
.........# ##.......## #.......#
.........# ##......# #.......#
........## ###...## ##......#
.........#####.....## # ##.....#
.......##.....###...#... #....#
......#####............. #....##
#...%.@.###... #.##..S.# ...
#.##.....# .. #. #....##
###)....# #......# #......#
#......# #...####


You could see a shock serpent.

Vanquished Creatures
  Nikola (Snake:1)
  An orc warlord (Bailey)
  Snorg (D:10)
  Erolcha (Orc:2)
  Josephine (Lair:6)
  A minotaur (Lab)
  Harold (D:11)
  5 hydras
  Erica (Orc:1)
  3 catoblepae (Lair:6)
  An anaconda (Snake:1)
  24 death yaks
  A centaur warrior (D:13)
  2 ogre magi (Orc:2)
  2 naga sharpshooters (Snake:1)
  The ghost of myxocpahck the Basher, a novice GrFi of Zin (D:11)
  The ghost of Swollendeathray the Covered, a novice DDFi of Hepliaklqana (D:8)
  2 unseen horrors
  4 wizards
  6 hill giants
  An orc knight (Orc:1)
  A mana viper (Snake:1)
  A griffon (D:14)
  15 ugly things
  8 orc sorcerers (Orc:2)
  2 manticores
  2 deep elf magi
  A cyclops (D:12)
  2 salamanders (Snake:1)
  6 elephants (Lair:5)
  2 naga magi (Snake:1)
  Joseph (D:9)
  A siren (Lair:4)
  6 black mambas
  2 torpor snails
  8 spiny frogs
  4 gargoyles
  3 rime drakes
  6 komodo dragons
  2 minotaur zombies (Lab)
  8 trolls
  38 blink frogs
  4 slime creatures (D:13)
  Prince Ribbit (Lair:1)
  2 meliai zombies (D:14)
  4 shadows
  Sigmund (D:5)
  A redback (Lab)
  5 wraiths
  2 vampires
  6 basilisks
  A wyvern (D:12)
  48 yaks
  A hungry ghost (D:11)
  2 vampire mosquitoes (D:13)
  5 hippogriffs
  5 wargs
  3 soldier ants
  6 nagas (Snake:1)
  2 hell hounds (D:11)
  16 water moccasins
  17 porcupines
  21 orc warriors
  Duvessa (D:5)
  3 ice beasts
  6 sky beasts
  2 wasps (D:8)
  3 black bears
  A necrophage (D:10)
  3 phantoms
  4 boggarts
  11 wolves
  An eye of draining (D:13)
  10 ogres
  13 centaurs
  18 crocodiles
  7 big kobolds
  2 wyvern zombies
  29 giant frogs
  A gnoll sergeant (D:5)
  2 wyvern skeletons
  6 scorpions
  Dowan (D:5)
  A water moccasin skeleton (D:9)
  8 killer bees (D:9)
  18 wights
  An electric eel (Lair:6)
  8 crimson imps
  10 howler monkeys
  A wasp zombie (D:12)
  A giant frog zombie (D:12)
  A jelly (D:6)
  2 giant frog skeletons
  13 orc priests
  A gnoll shaman (Orc:1)
  10 hounds
  38 orc wizards
  A centaur skeleton (D:8)
  Terence (D:3)
  8 iguanas
  Natasha (D:1)
  10 worker ants
  13 sheep
  A mummy (D:6)
  A worker ant zombie (D:10)
  Robin (D:1)
  14 gnolls
  12 adders
  32 river rats
  3 shadow imps
  An adder skeleton (D:10)
  5 worms
  5 dart slugs
  2 giant geckos
  70 orcs
  4 ball pythons
  8 bats
  3 giant cockroaches
  11 hobgoblins
  13 jackals
  6 quokkas
  7 giant newts
  10 goblins
  2 goblin skeletons (D:9)
  11 hobgoblin zombies (D:9)
  53 kobolds
  A kobold skeleton (D:9)
  2 kobold zombies (D:9)
  13 rats
895 creatures vanquished.

Vanquished Creatures (others)
  A centaur (D:13)
  An orc (Orc:2)
  11 fungi
  3 plants
16 creatures vanquished.

Grand Total: 911 creatures vanquished

Notes
Turn   | Place    | Note
-------+----------+-------------------------------------------
     0 | D:1      | Akrasiac the Human Wanderer began the quest for the Orb.
     0 | D:1      | Akrasiac set off with: a +2 dagger, a scroll of fear, a +0 spear, a +0 quarterstaff, a +0 robe, a bread ration
     0 | D:1      | Reached XP level 1. HP: 16/16 MP: 1/1
    93 | D:1      | Reached XP level 2. HP: 23/23 MP: 2/2
   362 | D:1      | Reached XP level 3. HP: 26/29 MP: 3/3
   753 | D:2      | Found a faded altar of an unknown god.
   857 | D:2      | Reached XP level 4. HP: 10/37 MP: 4/4
  1334 | D:2      | Noticed Natasha
  1401 | D:1      | Killed Natasha
  1623 | D:2      | Noticed Robin
  1714 | D:1      | Killed Robin
  1714 | D:1      | Reached XP level 5. HP: 19/43 MP: 5/5
  2351 | D:3      | Found a deep blue altar of Sif Muna.
  2627 | D:2      | Reached skill level 5 in Fighting
  2817 | D:3      | Found a burning altar of Makhleb.
  2868 | D:3      | Noticed Terence
  2877 | D:3      | Killed Terence
  2877 | D:3      | Reached XP level 6. HP: 49/52 MP: 6/6
  3067 | D:3      | Noticed an ogre
  3079 | D:3      | Killed an ogre
  3564 | D:3      | Noticed an ice beast
  3578 | D:3      | Killed an ice beast
  3578 | D:3      | Reached XP level 7. HP: 43/60 MP: 7/7
  3899 | D:3      | Found a deep blue altar of Sif Muna.
  4781 | D:5      | Entered Level 5 of the Dungeon
  4799 | D:5      | Noticed Sigmund
  4817 | D:5      | Killed Sigmund
  4984 | D:5      | Found Guam's Magic Scroll Emporium.
  4991 | D:5      | Bought a scroll of teleportation for 33 gold pieces
  4991 | D:5      | Bought a scroll of fear for 38 gold pieces
  5062 | D:5      | Reached XP level 8. HP: 55/69 MP: 8/8
  5064 | D:5      | Noticed Duvessa
  5069 | D:5      | Noticed Dowan
  5350 | D:5      | Killed Dowan
  5480 | D:5      | Killed Duvessa
  6318 | D:6      | Noticed edsrzf's ghost (novice MiMo)
  6483 | D:6      | Found a glowing drain.
  6523 | Sewer    | Entered a sewer
  6598 | Sewer    | Reached skill level 10 in Fighting
  6779 | Sewer    | Found a glowing silver altar of Zin.
  6890 | Sewer    | Became a worshipper of Zin the Law-Giver
  6890 | Sewer    | Reached * piety under Zin
  7085 | D:6      | Found Paotalif's General Store.
  7088 | D:6      | You fall through a shaft!
  7334 | D:6      | Reached skill level 1 in Armour
  7334 | D:6      | Reached XP level 9. HP: 76/79 MP: 9/9
  7471 | D:6      | Bought a potion of berserk rage for 60 gold pieces
  7471 | D:6      | Bought a scroll of identify for 24 gold pieces
  7677 | D:6      | Found a white marble altar of Elyvilon.
  7753 | D:6      | Found a staircase to the Ecumenical Temple.
  7762 | D:6      | Found a snail-covered altar of Cheibriados.
  7976 | D:7      | Reached ** piety under Zin
  8015 | D:7      | Got an iridescent scimitar
  8391 | D:7      | Identified the +9 scimitar "Piuts" {slice, Fragile rPois rN+ Str+6} (You found it on level 7 of the Dungeon)
  8538 | D:7      | Reached skill level 1 in Long Blades
  8573 | D:7      | Found Woemud's Jewellery Emporium.
  8640 | D:7      | Got a brightly glowing helmet
  8651 | D:7      | Identified the +3 helmet of Kepoity {rPois rC+++ Int-2 Dex-5} (You found it on level 7 of the Dungeon)
  8755 | D:8      | Noticed Swollendeathray's ghost (novice DDFi)
  8791 | D:8      | Found a flagged portal.
  8800 | Bailey   | Entered a bailey
  8805 | Bailey   | Noticed an orc warlord
  9108 | Bailey   | Found a runed gate.
  9118 | Bailey   | Found a runed gate.
  9119 | Bailey   | Found a runed gate.
  9302 | Bailey   | Zin protects you from harm!
  9330 | Bailey   | Killed an orc warlord
  9330 | Bailey   | Reached XP level 10. HP: 25/86 MP: 10/10
  9395 | Bailey   | Got a twitching jade ring
  9398 | Bailey   | Identified the ring of Mixaum {Ice +Fly MR+} (You found it in a bailey)
  9722 | D:8      | Reached skill level 8 in Invocations
  9722 | D:8      | Reached XP level 11. HP: 92/92 MP: 10/17
  9734 | D:8      | Killed Swollendeathray's ghost
 10009 | D:8      | Found a shadowy altar of Dithmenos.
 10526 | D:8      | Reached *** piety under Zin
 10822 | D:9      | Noticed Joseph
 11040 | D:9      | Found a glowing golden altar of the Shining One.
 11367 | D:9      | Killed Joseph
 11369 | D:9      | Reached **** piety under Zin
 11758 | D:10     | Entered Level 10 of the Dungeon
 11810 | D:10     | Noticed a wizard
 11826 | D:10     | Killed a wizard
 11854 | D:10     | Noticed a hill giant
 11880 | D:10     | Killed a hill giant
 12043 | D:10     | Reached XP level 12. HP: 70/97 MP: 18/18
 12265 | D:10     | Noticed a wizard
 12548 | D:10     | Killed a wizard
 13043 | D:10     | Noticed Snorg
 13184 | D:10     | Reached skill level 5 in Armour
 13877 | D:10     | Got a polished quick blade
 13981 | D:11     | Found a staircase to the Lair.
 13982 | D:11     | Found a labyrinth entrance.
 14223 | D:11     | Learned a level 3 spell: Ignite Poison
 14225 | Lab      | Entered a labyrinth
 14725 | Lab      | Noticed a minotaur
 14731 | Lab      | Got a warped plate armour
 14732 | Lab      | Got a bloodstained leather armour
 14732 | Lab      | Got a slimy leather armour
 14848 | Lab      | Killed a minotaur
 14859 | Lab      | HP: 2/97 [minotaur zombie (10)]
 15173 | D:11     | Identified the +1 plate armour of Eternal Vigilance {rF+ rC+} (You found it in a labyrinth)
 15184 | D:11     | Identified the +2 leather armour of the Armoured One {rElec rF- MR++ rCorr} (You found it in a labyrinth)
 15195 | D:11     | Identified the +1 leather armour of Qedeofod {rC+++ Regen+ Stlth-} (You found it in a labyrinth)
 15435 | D:11     | Reached ***** piety under Zin
 15616 | D:11     | Noticed Harold
 15641 | D:11     | Killed Harold
 15641 | D:11     | Reached XP level 13. HP: 67/103 MP: 19/19
 16323 | D:11     | Reached skill level 10 in Armour
 16964 | D:11     | Noticed myxocpahck's ghost (novice GrFi)
 16996 | D:11     | Killed myxocpahck's ghost
 16996 | D:11     | Reached skill level 9 in Invocations
 17658 | D:12     | Found a staircase to the Orcish Mines.
 17715 | D:12     | Reached skill level 10 in Invocations
 18007 | Lair:1   | Entered Level 1 of the Lair of Beasts
 18027 | Lair:1   | Learned a level 1 spell: Infusion
 18033 | Lair:1   | Reached skill level 1 in Shields
 18176 | Lair:1   | Noticed Prince Ribbit
 18202 | Lair:1   | Killed Prince Ribbit
 18902 | Lair:2   | Found a staircase to the Snake Pit.
 18906 | Lair:2   | Reached skill level 5 in Shields
 19404 | Lair:2   | Noticed a seven-headed hydra
 19585 | Lair:2   | Killed a 13-headed hydra
 19585 | Lair:2   | Reached XP level 14. HP: 51/110 MP: 21/21
 20450 | Lair:3   | Learned a level 2 spell: Shroud of Golubria
 20453 | Lair:3   | Learned a level 2 spell: Song of Slaying
 20471 | Lair:3   | Learned a level 3 spell: Spectral Weapon
 21666 | D:7      | Bought an uncursed amulet of rage for 520 gold pieces
 21739 | D:10     | Killed Snorg
 21894 | Lair:3   | Reached skill level 5 in Evocations
 22870 | Lair:4   | You fall through a shaft for 2 floors!
 22870 | Lair:6   | Entered Level 6 of the Lair of Beasts
 22871 | Lair:6   | Identified 2 scrolls of acquirement
 23116 | Lair:6   | Reached XP level 15. HP: 83/116 MP: 22/22
 23323 | Lair:6   | Learned a level 2 spell: Repel Missiles
 23854 | Lair:6   | Reached skill level 10 in Evocations
 24682 | Lair:6   | Identified the Grimoire of Shifting Protection
 24830 | Lair:6   | Reached skill level 11 in Invocations
 25003 | Lair:5   | Noticed Josephine
 25024 | Lair:6   | Killed Josephine
 25316 | Lair:5   | Reached ****** piety under Zin
 25549 | Lair:5   | Found a staircase to the Slime Pits.
 25628 | Lair:5   | Upgraded the game from 0.19-a0-1065-gdac414d to 0.19-a0-1067-g0b1d89b
 25636 | Lair:5   | Reached skill level 12 in Invocations
 26730 | Lair:4   | Found a staircase to the Shoals.
 27195 | Lair:4   | Reached XP level 16. HP: 115/122 MP: 25/25
 27305 | Orc:1    | Entered Level 1 of the Orcish Mines
 27305 | Orc:1    | Found Leiptommo's Distillery.
 27363 | Orc:1    | Bought 2 potions of might for 88 gold pieces
 27363 | Orc:1    | Bought a potion of haste for 110 gold pieces
 27363 | Orc:1    | Bought a potion of heal wounds for 55 gold pieces
 27463 | Orc:1    | Noticed Erica
 27465 | Orc:1    | Reached skill level 13 in Invocations
 27491 | Orc:1    | Killed Erica
 27591 | Orc:1    | Found a roughly hewn altar of Beogh.
 27940 | Orc:1    | Bought a potion of heal wounds for 55 gold pieces
 27940 | Orc:1    | Bought a potion of cancellation for 88 gold pieces
 27940 | Orc:1    | Bought a potion of haste for 110 gold pieces
 27940 | Orc:1    | Bought a potion of curing for 33 gold pieces
 27940 | Orc:1    | Bought a potion of might for 44 gold pieces
 27958 | Orc:2    | Entered Level 2 of the Orcish Mines
 27976 | Orc:2    | Found a roughly hewn altar of Beogh.
 28249 | Orc:2    | Reached skill level 14 in Invocations
 28428 | Orc:2    | Found Deoreume's Antique Armour Emporium.
 28448 | Orc:2    | Found a radiant altar of Vehumet.
 28449 | Orc:2    | Noticed Erolcha
 28464 | Orc:2    | Killed Erolcha
 28475 | Orc:2    | Found Tusezeng's Distillery.
 28505 | Orc:2    | Found an ancient bone altar of Kikubaaqudgha.
 28540 | Orc:2    | Bought a potion of agility for 56 gold pieces
 28540 | Orc:2    | Bought a potion of resistance for 140 gold pieces
 28540 | Orc:2    | Bought a potion of haste for 140 gold pieces
 28540 | Orc:2    | Bought a potion of heal wounds for 70 gold pieces
 28540 | Orc:2    | Bought a potion of curing for 42 gold pieces
 28540 | Orc:2    | Bought a potion of curing for 42 gold pieces
 28553 | Orc:2    | Found a roughly hewn altar of Beogh.
 28570 | Orc:2    | Found Jawo's Gadget Shoppe.
 28631 | Orc:2    | Found Mekh's Antique Armour Shoppe.
 28738 | Orc:2    | Found a staircase to the Elven Halls.
 30554 | D:13     | Reached skill level 15 in Invocations
 31144 | D:14     | Found a roughly hewn altar of Beogh.
 31284 | D:14     | Found a gate to the Vaults.
 31472 | D:14     | Reached skill level 16 in Invocations
 32008 | Snake:1  | Entered Level 1 of the Snake Pit
 32010 | Snake:1  | Noticed Nikola
 32026 | Snake:1  | Killed Nikola
 32422 | Snake:1  | Reached XP level 17. HP: 102/128 MP: 25/29
 32869 | Snake:1  | Killed from afar by a shock serpent

Vault maps used:
D:1:      scummos_arrival_star, st_stairs_10, minmay_bisected
D:2:      ecumenical_altar_2, uniq_robin, uniq_natasha
D:3:      marbit_many_paths, nicolae_overflow_crystal_walls, first_bread,
          tgw_sif, uniq_terence
D:5:      serial_shops, shop, uniq_sigmund, uniq_duvessa
D:6:      slow_altar_2, lemuel_crystal_altar, gup_sewer_entry_bowl,
          serial_shops, nicolae_shop_statue_plus
D:7:      serial_shops, shop
D:8:      enter_bailey_1, hangedman_pestilent_swarm, grunt_dithmenos_smoke
D:9:      nicolae_tso_besieged_by_evil, uniq_joseph
D:10:     minmay_smoke_and_mirrors, uniq_snorg
D:11:     kennysheep_spiral_hall, minmay_lair_entry_lava, lab_entry_generic,
          hangedman_decor_lopped, uniq_harold
D:12:     orc_0_dummy
D:14:     david_vaults_1, minmay_misc_feat_more_columns,
          david_defended_altar_orc
Lair:1:   beast_lair_carwin_10, infiniplex_staircase_pool_2, uniq_prince_ribbit2
Lair:2:   minmay_snake_entry_six_corridors, grunt_forest_small_clearing_treed
Lair:3:   minivault_19
Lair:4:   minmay_shoals_entry_lonely_mermaid, grunt_megastairs_3
Lair:5:   dpeg_slime_entry_corner, serial_bayou_shore_b, uniq_josephine
Lair:6:   evilmike_catoblepas_cave, serial_bayou_ford_a, grunt_megastairs_1
Snake:1:  minmay_shoptagon, uniq_nikola
Orc:1:    basic_altar, serial_shops, shop, nooodl_orcs_dogs, uniq_erica
Orc:2:    kennysheep_orc_mage_school, basic_altar
Lab:      labyrinth_hidden_loot, nicolae_lab_t_cross, nicolae_lab_arrow,
          nicolae_lab_grate
Sewer:    sewer_kobolds
Bailey:   bailey_axe_bossmonster_kennysheep, bailey

Skill      XL: |  1  2  3  4  5  6  7  8  9 10 11 12 13 14 15 16 |
---------------+-------------------------------------------------+-----
Fighting       | 3 4 5 7 8 10 | 10.4
Armour         | 1 3 8 10 | 10.1
Long Blades    | 8 11 13 14 | 14.0
Invocations    | 8 10 12 16 | 16.8
Shields        | 6 9 |  9.0
Evocations     | 8 11 | 11.3
Staves         | |  3.0
Throwing       | |  1.0
Dodging        | |  2.0
Stealth        | |  1.0

Action                   |  1- 3 |  4- 6 |  7- 9 | 10-12 | 13-15 | 16-18 || total
-------------------------+-------+-------+-------+-------+-------+-------++-------
Melee: Dagger            |   124 |   205 |   327 |       |       |       ||   656
       Scimitar          |       |       |    87 |   485 |  1303 |   589 ||  2464
 Fire: Blowgun           |       |       |     4 |       |       |       ||     4
Invok: Recite            |       |       |       |     5 |     4 |    17 ||    26
       Vitalisation      |       |       |       |       |     5 |     4 ||     9
       Sanctuary         |       |       |       |       |       |     1 ||     1
 Abil: Evoke Invisibilit |       |       |       |       |     9 |     1 ||    10
       Evoke Berserk Rag |       |       |       |       |     3 |       ||     3
       Turn Visible      |       |       |       |       |     1 |       ||     1
Evoke: Lamp of fire      |       |       |       |       |       |     1 ||     1
  Use: Potion            |       |     2 |     4 |     4 |       |       ||    10
       Scroll            |       |       |    17 |     8 |    13 |     4 ||    42
 Stab: Sleeping          |     2 |       |       |       |       |       ||     2
       Invisible         |       |       |       |     3 |    30 |     2 ||    35
       Confused          |       |       |       |       |     2 |     4 ||     6
       Paralysed         |       |       |       |       |       |    25 ||    25
  Eat: Chunk             |       |     9 |    11 |    15 |    32 |     5 ||    72
       Royal jelly       |       |       |     1 |       |     4 |     5 ||    10
       Pizza             |       |       |     3 |       |       |       ||     3
       Fruit             |       |       |       |     9 |     3 |       ||    12
       Beef jerky        |       |       |       |       |     1 |       ||     1
       Meat ration       |       |       |       |       |       |     1 ||     1
Armor: Robe              |    42 |     4 |       |       |       |       ||    46
       Leather armour    |       |    19 |       |       |       |       ||    19
       Chain mail        |       |    44 |    75 |       |       |       ||   119
       Plate armour      |       |       |   195 |   263 |   519 |   274 ||  1251
Dodge: Dodged            |   104 |   102 |   159 |   111 |   252 |   119 ||   847
Block: Shield            |       |       |       |       |   372 |   299 ||   671
